Unix NetHack Version 3.7.0-66 Work-in-progress - last build Dec 5 2022 03:26:57 (dbea811729ade750c4c0c7f8ab6145c62533a6e7,branch:master). Game began 2022-12-10 00:00:26, ended 2022-12-10 00:07:15. Kontroller, chaotic male human Barbarian #### --------|---- |C.........C| |.....C.....| |...-----...| |...|.{.|...| |..C|{@@|C..| |...|.{.h...| |...-----...| |.....C.....| |C.........C| ------------- Kontroller the Pillager St:17 Dx:17 Co:18 In:7 Wi:9 Ch:6 Chaotic S:596 Dlvl:5 $:60 HP:0(39) Pw:9(9) AC:6 Xp:4/84 T:1749 Hungry Latest messages: Where do you want to travel to? (For instructions type a '?') Something is written here in the dust. You read: " d ae??rium". Where do you want to travel to? (For instructions type a '?') You descend the stairs. A trap door opens up under you! You hear some noises in the distance. You hear some noises. You destroy the dwarf zombie! The rabid rat bites! You kill the rabid rat! You are beginning to feel weak. You smite the dwarf zombie! The dwarf zombie hits! You destroy the dwarf zombie! "Hello, Kontroller, welcome to Delphi!" You hear crashing rock. The rabid rat bites! You miss the rabid rat. The rabid rat just misses! You kill the rabid rat! The black naga hatchling bites! You hear a strange wind. The black naga hatchling bites! You miss the black naga hatchling. You smite the black naga hatchling! The black naga hatchling bites! You smite the black naga hatchling! The black naga hatchling bites! You kill the black naga hatchling! Welcome to experience level 4. You see here a black naga hatchling corpse. There is a black naga hatchling corpse here; eat it? [ynq] (n) y You have a very bad case of stomach acid. You hear the wailing of the Banshee... You feel an unexpected draft. You only feel hungry now. You finish eating the black naga hatchling corpse. You hear a jackal howling at the moon. You see here a statue of a forest centaur. You hear water falling on coins. You stop searching. You miss the dwarf. The dwarf thrusts his dagger. The dwarf hits! You die... Do you want your possessions identified? [ynq] (y) y Do you want to see your attributes? [ynq] (y) q Inventory: Coins $ - 60 gold pieces Weapons a - a +0 battle-axe (weapon in hands) b - a +0 short sword (alternate weapon; not wielded) Armor e - an uncursed +0 orcish helm (being worn) c - an uncursed +0 ring mail (being worn) g - an uncursed +0 studded leather armor Comestibles d - an uncursed partly eaten food ration Scrolls n - an uncursed scroll of create monster o - an uncursed scroll of earth Potions m - an uncursed potion of enlightenment j - an uncursed potion of speed f - 2 uncursed potions of water Rings k - an uncursed ring of protection from shape changers Gems/Stones l - an uncursed agate stone Kontroller the Barbarian's attributes: Background: You were a Pillager, a level 4 male human Barbarian. You were chaotic, nominally on a mission for Set who was opposed by Mitra (lawful) and Crom (neutral). You were in the Dungeons of Doom, on level 5. You entered the dungeon 1749 turns ago. It was the midnight hour. There was a full moon in effect when your adventure ended. You had 84 experience points, 76 more were needed to attain level 5. Your score was 596 before end-of-game adjustments. Basics: You had 0 out of 39 hit points. You had all 9 energy points (spell power). Your armor class was 6. Your wallet contained 60 zorkmids. Autopickup was off. Final Characteristics: Your strength was 17 (peak:18/01, limit:18/100). Your dexterity was 17 (limit:18). Your constitution was 18 (limit:18). Your intelligence was 7 (limit:18). Your wisdom was 9 (limit:18). Your charisma was 6 (limit:18). Final Status: You were hungry. You were unencumbered. You were wielding an axe. You had basic skill with axe. Final Attributes: You were devoutly aligned. You were poison resistant. You were warded. You were lucky. You are dead. Miscellaneous: You never encountered a bones level. Total elapsed playing time was 6 minutes and 49 seconds. Major events: Turn 1: Kontroller the chaotic male human Barbarian entered the dungeon 1290: attained the rank of Pillager (level 3) 1749: killed by a dwarf Vanquished creatures: a black naga hatchling 2 rabid rats 2 dwarf zombies a large kobold a giant rat a gnome zombie 2 geckos 2 jackals a goblin 7 grid bugs 5 lichens a kobold zombie a newt 27 creatures vanquished. No species were genocided or became extinct. Voluntary challenges: You were an atheist. You read items or engraved 3 times. You never engraved Elbereth. You never genocided any monsters. You never polymorphed an object. You never changed form. You used no wishes. Achievements: You entered a shop. You attained the rank of Pillager. The Dungeons of Doom: levels 1 to 5 Level 1: Level 2: A fountain. Level 3: A general store, a fountain. Level 4: Level 5: <- You were here. Many fountains. Oracle of Delphi. Final resting place for you, killed by a dwarf. Game over: ---------- / \ / REST \ / IN \ / PEACE \ / \ | Kontroller | | 60 Au | | killed by a | | dwarf | | | | | | 2022 | *| * * * | * _________)/\\_//(\/(/\)/\//\/|_)_______ Goodbye Kontroller the Barbarian... You died in The Dungeons of Doom on dungeon level 5 with 590 points, and 60 pieces of gold, after 1749 moves. You were level 4 with a maximum of 39 hit points when you died.